 Dungeon Crawl Stone Soup version 0.28-a0-883-gc8d7bad45d (webtiles) character file.

Game seed: 12989128728002802036

80 horus123 the Unweaver (level 4, -2/35 HPs)
             Began as a Demonspawn Abyssal Knight on Nov 21, 2021.
             Was a Follower of Lugonu.
             Slain by an ice beast (11 damage)
             ... on level 3 of the Dungeon.
             The game lasted 00:04:49 (2841 turns).

horus123 the Unweaver (Demonspawn Abyssal Knight)   Turns: 2841, Time: 00:04:49

Health: -2/35      AC:  6    Str: 14    XL:     4   Next: 18%
Magic:  7/7        EV: 10    Int: 12    God:    Lugonu [*.....]
Gold:   80         SH:  0    Dex: 13    Spells: 3/3 levels left

rFire   . . .      SeeInvis .   e - +3 whip (pain)
rCold   . . .      Faith    .   (no shield)
rNeg    . . .      Spirit   .   g - +0 scale mail
rPois   .          Reflect  .   (no helmet)
rElec   .          Harm     .   (no cloak)
rCorr   +          Rampage  .   (no gloves)
Will    .....                   (no boots)
Stlth   ..........              (no amulet)
HPRegen 0.11/turn               c - ring of resist corrosion
MPRegen 0.10/turn               (no ring)

@: no status effects
A: powered by death 1, sturdy frame 1
a: Renounce Religion, Depart the Abyss


You were on level 3 of the Dungeon.
You worshipped Lugonu.
Lugonu was aware of your devotion.
You visited 1 branch of the dungeon, and saw 3 of its levels.
You visited the Abyss 1 time.

You collected 80 gold pieces.

Inventory:

Hand Weapons
 a - a +1 falchion
 e - a +3 whip of pain (weapon)
Missiles
 f - a throwing net
Armour
 b - a +0 leather armour
 g - a +0 scale mail (worn)
Jewellery
 c - a ring of resist corrosion (left hand)
Potions
 d - a potion of brilliance


   Skills:
 - Level 3.1 Fighting
 - Level 2.0 Long Blades
 + Level 0.5 Maces & Flails
 - Level 1.8 Armour
 - Level 2.0 Dodging
 - Level 4.5 Invocations


You had 3 spell levels left.
You didn't know any spells.
Your spell library was empty.

Dungeon Overview and Level Annotations

Branches:
Dungeon (3/15)

Altars:


Innate Abilities, Weirdness & Mutations

You regenerate a little health from kills.
Your movements are slightly less encumbered by armour. (ER -2)


Message History

Things that are here:
a +0 dagger; 23 stones You start resting.
You feel yourself speed up.
You start resting.
You recover from your berserk rage.
You start resting.
HP restored.
You start removing your armour.
You continue taking off your +0 leather armour. x4
You finish taking off your +0 leather armour.
You start putting on your armour.
You continue putting on your +0 scale mail. x5
You finish putting on your +0 scale mail.
An ice beast is nearby!
The ice beast hits you but does no damage.
You closely miss the ice beast.
The ice beast hits you but does no damage.
You hit the ice beast but do no damage.
The ice beast hits you but does no damage.
The ice beast closely misses you.
You closely miss the ice beast. The ice beast hits you.
The ice beast freezes you!
You closely miss the ice beast. The ice beast hits you.
The ice beast freezes you!
* * * LOW HITPOINT WARNING * * *
You hit the ice beast but do no damage. The ice beast barely misses you.
You closely miss the ice beast. The ice beast barely misses you.
You closely miss the ice beast. The ice beast barely misses you.
You barely miss the ice beast.
The ice beast hits you but does no damage.
You hit the ice beast but do no damage.
The ice beast hits you but does no damage.
You closely miss the ice beast. The ice beast closely misses you.
You hit the ice beast.
The ice beast is lightly wounded.
The ice beast hits you.
* * * LOW HITPOINT WARNING * * *
The ice beast freezes you!
You die...

#..........#
#..........#
#..........#
#..).......# #
#..........# .#
#)#.......## .#
#.##.......#..#
#.#####.##.#..#
#.[# #.##@..# ##.#
#.##Y#.# #)#
#.##.### #.#
#.##.# #.## #.#..#
#..###.#.##
##..#......
##########.#......
..................


You could see an ice beast.

Vanquished Creatures
  An adder (D:2)
  A gnoll (D:2)
  A dart slug (D:2)
  9 orcs (D:3)
  4 ball pythons
  3 endoplasms (D:2)
  2 giant cockroaches (D:1)
  A goblin (D:3)
  7 hobgoblins
  4 jackals (D:3)
  5 kobolds
  A quokka (D:1)
  2 bats
  2 frilled lizards (D:2)
  4 rats
47 creatures vanquished.

Notes
Turn   | Place    | Note
-------+----------+-------------------------------------------
     0 | Abyss:1  | horus123 the Demonspawn Abyssal Knight began the quest for
                  | the Orb.
     0 | Abyss:1  | Reached XP level 1. HP: 18/18 MP: 2/2
    45 | Abyss:1  | Noticed an iron imp
    46 | D:1      | Escaped the Abyss
   179 | D:1      | Found a faded altar of an unknown god.
   198 | D:1      | Reached skill level 3 in Invocations
   701 | D:1      | Reached * piety under Lugonu
   873 | D:1      | Gained mutation: Your movements are slightly less
                  | encumbered by armour. (ER -2) [demonic ancestry]
   873 | D:1      | Reached XP level 2. HP: 10/24 MP: 4/4
  1228 | D:2      | Reached skill level 4 in Invocations
  1432 | D:2      | Reached XP level 3. HP: 29/29 MP: 6/6
  1524 | D:2      | Reached skill level 1 in Dodging
  2462 | D:3      | Noticed an ice beast
  2491 | D:3      | Gained mutation: You regenerate a little health from kills.
                  | [demonic ancestry]
  2491 | D:3      | Reached XP level 4. HP: 31/35 MP: 7/7
  2841 | D:3      | Slain by an ice beast

Illustrated notes

Levels and vault maps discovered:
D:1:      amcnicky_arrival_blooded_trapdoor, layout_basic,
          hellmonk_ecumenical_altar_arch_garden
D:2:      layout_rooms, minmay_quantized
D:3:      layout_rooms, kennysheep_potato

Skill      XL: |  1  2  3 |
---------------+----------+-----
Invocations    | 3 4 |  4.5
Dodging        | 2 |  2.0
Long Blades    | 2 |  2.0
Fighting       | |  3.1
Maces & Flails | |  0.5
Armour         | |  1.8

Action                   |  1- 3 |  4- 6 || total
-------------------------+-------+-------++-------
Melee: Falchion          |   131 |     3 ||   134
       Whip              |       |    33 ||    33
Invok: Depart the Abyss  |     1 |       ||     1
  Use: Scroll            |     2 |     1 ||     3
       Potion            |     1 |     1 ||     2
 Stab: Sleeping          |     1 |       ||     1
Armor: Leather armour    |    33 |     2 ||    35
       Skin              |    13 |       ||    13
       Scale mail        |       |     5 ||     5
Dodge: Dodged            |    87 |    17 ||   104

Table legend: (Time is in decaauts)
 A = Elapsed time spent in this place.
 B = Non-inter-level travel time spent in this place.
 C = Inter-level travel time spent in this place.
 D = Time resting spent in this place.
 E = Time spent auto-exploring this place.
 F = Levels seen in this place.
 G = Mean time per level.
                   A        B        C        D        E       F      G
               +--------+--------+--------+--------+--------+-----+--------+
         Total |   2887 |   2869 |     18 |    282 |   2183 |   4 |  721.8 |
       Dungeon |   2841 |   2823 |     18 |    282 |   2139 |   3 |  947.0 |
         Abyss |     46 |     46 |      0 |      0 |     44 |   1 |   46.0 |
               +--------+--------+--------+--------+--------+-----+--------+

Top non-repeatable levels by time:
     D:2: 1225 daAuts
     D:1: 1039 daAuts
     D:3: 576 daAuts
 Abyss:1: 46 daAuts
